Match 46974366
Unlisted

Match 46974366
End
Pioneer Squad
Construct Infanterie Kompanie
Grenadier Squad
MG 42 Machine Gun Team
GrW 34 Mortar Team
Construct Panzergrenadier Kompanie
251 Medium Carrier
Pak 40 Anti-tank Gun Team
Medical Station
Panzergrenadier Squad
Support Elements
Nebelwerfer 42 Rocket Launcher Team
StuG III G Assault Gun
StuG III G Assault Gun
Panzergrenadier Officer Quarters
Jesulin
BALCK_9
AndreiM2006
PutPut-AutistInPerfection
0
0

Comments sign in to comment!

No comments posted yet!